 Dungeon Crawl Stone Soup version 0.26-a0-651-gb41185065b (webtiles) character file.

Game seed: 14815163190080432923

90026 Flugslaktarn the Severer (level 15, -20/150 HPs)
             Began as a Deep Dwarf Fighter on Oct 6, 2020.
             Was the Champion of Makhleb.
             Killed from afar by Aizul (38 damage)
             ... with a bolt of poison
             ... on level 2 of the Spider Nest.
             The game lasted 00:11:43 (14393 turns).

Flugslaktarn the Severer (Deep Dwarf Fighter)      Turns: 14393, Time: 00:11:44

Health: -20/150    AC: 29    Str: 25    XL:     15   Next: 51%
Magic:  9/9        EV:  7    Int:  9    God:    Makhleb [******]
Gold:   1549       SH: 18    Dex: 13    Spells: 14/14 levels left

rFire    + + .     SeeInvis +   v - +9 broad axe (vorpal)
rCold    + . .     Faith    .   a - +1 kite shield {rF+}
rNeg     + . .     Spirit   .   w - +6 plate armour {rF+}
rPois    .         Reflect  .   B - +2 helmet
rElec    .         Harm     .   (no cloak)
rCorr    +         Rampage  .   o - +0 pair of gloves
MR       ++...                  J - +1 pair of boots of Inviolability {rC+}
Stlth    ..........             H - amulet of the acrobat
HPRegen  0.00/turn              i - ring of see invisible
MPRegen  0.11/turn              k - ring of resist corrosion

@: lethally poisoned (-20 -> -108), non-regenerating
A: damage resistance, heal wounds, talons 1, large bone plates 1, camouflage 1,
negative energy resistance 1, sense surroundings 2, no regeneration
a: Heal Wounds, Minor Destruction, Lesser Servant of Makhleb, Major Destruction,
Greater Servant of Makhleb, Renounce Religion


You were on level 2 of the Spider Nest.
You worshipped Makhleb.
Makhleb was exalted by your worship.
You visited 5 branches of the dungeon, and saw 24 of its levels.
You also visited: Gauntlet.

You collected 1796 gold pieces.
You spent 247 gold pieces at shops.

Inventory:

Hand Weapons
 d - the +5 hand axe "Undertaker" {drain, rC+ rN+ Str+6 Stlth+}
   (You found it on level 7 of the Dungeon)

   A truly terrible weapon, it drains the life of those it strikes.
   It affects your strength (+6).
   It protects you from cold.
   It protects you from negative energy.
   It makes you more stealthy.
 v - a +9 vorpal broad axe (weapon)
   (You found it on level 9 of the Dungeon)
Missiles
 D - 4 throwing nets (quivered)
Armour
 a - a +1 kite shield of fire resistance (worn)
   (You bought it in a shop on level 2 of the Orcish Mines)
 o - a +0 pair of gloves (worn)
   (You found it on level 1 of the Lair of Beasts)
 w - a +6 plate armour of fire resistance (worn)
   (You found it on level 9 of the Dungeon)
 B - a +2 helmet (worn)
   (You found it on level 12 of the Dungeon)
 E - a +0 tower shield
   (You took it off a vault guard on level 13 of the Dungeon)
 J - the +1 pair of boots of Inviolability (worn) {rC+}
   (You found it in a Gauntlet)

   It protects you from cold.
Jewellery
 i - a ring of see invisible (left hand)
   (You found it on level 4 of the Lair of Beasts)
 k - a ring of resist corrosion (right hand)
   (You found it on level 13 of the Dungeon)
 m - an uncursed ring of protection from magic
   (You found it on level 13 of the Dungeon)
 H - an amulet of the acrobat (around neck)
   (You found it on level 14 of the Dungeon)
 K - the ring "Reerad" {MR+ Stlth+}
   (You found it in a Gauntlet)

   [ring of stealth]

   It affects your resistance to hostile enchantments.
   It makes you more stealthy.
Wands
 f - a wand of acid (8)
   (You found it on level 10 of the Dungeon)
 g - a wand of enslavement (6)
   (You found it on level 8 of the Dungeon)
 F - a wand of iceblast (9)
   (You found it on level 14 of the Dungeon)
Scrolls
 j - 2 scrolls of magic mapping
 p - a scroll of fog
 r - a scroll of identify
 t - 8 scrolls of teleportation
 u - 3 scrolls of immolation
 x - 9 scrolls of remove curse
 y - a scroll of vulnerability
 z - 3 scrolls of blinking
 A - 5 scrolls of fear
 C - a scroll of holy word
 G - 2 scrolls of enchant weapon
Potions
 b - 3 potions of invisibility
 c - 9 potions of lignification
 e - a potion of mutation
 h - 4 potions of haste
 l - 4 potions of ambrosia
 n - a potion of berserk rage
 q - 2 potions of curing
 I - a potion of cancellation


   Skills:
 * Level 13.6 Fighting
 * Level 15.7 Axes
 + Level 12.0 Armour
 + Level 12.0 Shields
 + Level 13.3 Invocations
 - Level 6.0 Evocations


You had 14 spell levels left.
You didn't know any spells.
Your spell library was empty.

Dungeon Overview and Level Annotations

Branches:
Dungeon (15/15)            Temple (1/1) D:4            Lair (4/6) D:9
 Shoals (0/4) Lair:4       Spider (2/4) Lair:2          Orc (2/2) D:10
    Elf (0/3) Orc:2        Vaults (0/5) D:13         Depths (0/5) D:15
Gauntlet (visited)

Altars:
Ashenzari
Dithmenos
Elyvilon
Fedhas
Gozag
Hepliaklqana
Kikubaaqudgha
Makhleb
Nemelex Xobeh
Okawaru
Qazlal
Ru
Sif Muna
Trog
Uskayaw
Vehumet
Wu Jian
Xom
Yredelemnul
Zin
The Shining One
Beogh

Shops:
D:7 (   D:9 *   D:10 [   D:13 *   D:15 *   Orc:2 ?[[(

Portals:
Trove: D:13 (give +6 demon trident)
Sewer: D:3

Annotations:
D:10 1 exclusion
D:11 2 transporters, 2 runed translucent doors, Flugslaktarn's ghost, journeyman DDFi
D:15 3 runed translucent doors, Ygis Bepp's ghost, journeyman GnFi
Spider:2 Aizul
Orc:2 3 runed translucent doors, LostGamesStreakFreak's ghost, journeyman GrFi; imnewhereh's ghost, journeyman FoFi; p0werm0de's ghost, journeyman DDFi; p0werm0de's ghost, journeyman MiFi; qborf's ghost, journeyman DDNe


Innate Abilities, Weirdness & Mutations

You are resistant to damage.
You can heal yourself by infusing magical energy.
You resist negative energy. (rN+)
You passively map the area around you.
You do not regenerate.
You have sharp toenails.
You are partially covered in large bone plates. (SH +4)
Your skin changes colour to match your surroundings (Stealth+).


Message History

The orb spider weaves a glowing orb of energy.
Aizul coils herself and waves her upper body at you.
The poison arrow hits you!
You are lethally poisoned!
An orb of destruction comes into view.
You barely miss Aizul.
Aizul is almost dead.
You feel very sick. Aizul completely misses you.
You block the orb of destruction.
The orb of destruction dissipates.
The orb spider begins to weave its threads into a brightly glowing ball.
You closely miss Aizul.
Aizul is almost dead.
You feel very sick. The orb of destruction hits you!!!
* * * LOW HITPOINT WARNING * * *
Aizul casts a spell at you. The bolt of poison hits you!!!
You are more poisoned.
You die...

, * *.. , ..., , ≈ ** ..≈
...... * *#. *.# ..,,,
.....#. #.####.. ##≈.
*.≈..... ......###≈s###
≈#..:.. ,
###...≈##≈≈≈#..##.○s....
..≈....# #.≈#....○.s....
,
.......###......S○○.....,
,
.......##.......@°......
≈
.......#.#.....†††......
, ,
.....##^≈...............
,
....<.#.................
, ,
......#..†...........s..
,
#.......................
,
##.#...(................
, ,
*#####..................
, * #.................. ,
,, ,


You could see Aizul, 2 orb spiders, a jumping spider and a redback.

Vanquished Creatures
  Saint Roka (Orc:2)
  Jorgrun (Orc:2)
  Asterion (Spider:1)
  A minotaur (Gauntlet)
  Josephine (D:14)
  3 vault guards (D:13)
  A rakshasa (D:14)
  A hydra (Lair:2)
  3 centaur warriors
  2 catoblepae
  5 two-headed ogres
  4 death yaks (Lair:4)
  An ogre mage (D:14)
  Urug (D:12)
  Nergalle (Lair:3)
  An unseen horror (D:15)
  A glowing orange brain (D:15)
  13 wizards
  Pikel (D:5)
  2 orc knights
  2 wolf spiders
  A harpy (shapeshifter) (D:15)
  2 orb spiders
  5 orc sorcerers
  6 deep elf magi
  3 cyclopes
  2 manticores
  2 ugly things (D:15)
  An ice statue (Gauntlet)
  2 centaur zombies (D:12)
  An eye of devastation (Gauntlet)
  A cane toad (shapeshifter) (D:15)
  6 centaur skeletons
  3 gargoyles
  2 torpor snails
  4 cane toads (Lair:2)
  A rime drake (shapeshifter) (D:15)
  2 rime drakes
  2 demonic crawlers
  Maggie (D:7)
  6 orange demons (D:10)
  3 kobold demonologists
  2 freezing wraiths
  4 komodo dragons
  3 red devils (D:10)
  2 polar bears (Lair:4)
  10 trolls
  A jumping spider (Spider:1)
  A meliai (shapeshifter) (D:15)
  3 slime creatures
  2 hornets
  A hornet (shapeshifter) (D:13)
  6 hippogriffs
  A meliai zombie (D:13)
  17 redbacks
  A centaur simulacrum (D:15)
  35 yaks
  2 water elementals (D:14)
  2 shadows
  A ynoxinul (Gauntlet)
  8 tarantellas
  Eustachio (D:5)
  Sigmund (D:5)
  6 wraiths
  2 basilisks
  A golden eye (Gauntlet)
  5 wyverns
  3 fire elementals (D:13)
  6 vampire mosquitoes
  A steam dragon (D:9)
  Menkaure (D:6)
  Edmund (D:5)
  6 wargs
  An acid dragon (D:14)
  A floating eye (Gauntlet)
  6 porcupines
  13 water moccasins
  5 sky beasts
  3 ice beasts
  36 orc warriors
  2 black bears
  11 ogres
  3 wolves (Lair:3)
  3 phantoms
  16 centaurs
  10 crocodiles
  3 lemures (D:5)
  4 big kobolds
  17 bullfrogs
  2 wyvern skeletons
  4 scorpions
  23 wights
  5 howler monkeys
  3 electric eels
  4 quasits
  A bullfrog zombie (D:12)
  2 hounds
  5 jellies
  26 orc priests
  6 iguanas
  3 iron imps (Gauntlet)
  3 bullfrog skeletons
  8 worker ants
  34 orc wizards
  A hound zombie (D:10)
  A hound skeleton (D:5)
  2 worker ant zombies
  13 gnolls
  2 howler monkey skeletons
  7 adders
  2 shadow imps
  2 white imps
  An ufetubus (D:6)
  5 oozes
  An adder skeleton (D:8)
  A dart slug (D:2)
  5 leopard geckos
  104 orcs
  A bat (D:3)
  6 giant cockroaches
  2 goblins (D:2)
  3 hobgoblins
  7 jackals
  4 quokkas
  A ball python (D:2)
  A frilled lizard (D:5)
  A giant cockroach zombie (D:6)
  18 kobolds
  A quokka zombie (D:5)
  A rat (D:3)
695 creatures vanquished.

Vanquished Creatures (collateral kills)
  2 hydras
  A centaur zombie (D:14)
  2 orcs (D:13)
5 creatures vanquished.

Vanquished Creatures (others)
  A vault guard (D:13)
  An orc (Orc:2)
  14 demonic plants (Gauntlet)
  6 fungi
  39 plants
61 creatures vanquished.

Grand Total: 761 creatures vanquished

Notes
Turn   | Place    | Note
-------+----------+-------------------------------------------
     0 | D:1      | Flugslaktarn the Deep Dwarf Fighter began the quest for the
                  | Orb.
     0 | D:1      | Reached XP level 1. HP: 20/20 MP: 1/1
   165 | D:2      | Reached XP level 2. HP: 22/27 MP: 2/2
   261 | D:3      | Reached XP level 3. HP: 22/34 MP: 3/3
   468 | D:3      | Found a glowing drain.
   482 | D:3      | Found an ornate altar of the Wu Jian Council.
   577 | D:4      | Reached skill level 3 in Axes
   596 | D:4      | Found a sacrificial altar of Ru.
   630 | D:4      | Reached XP level 4. HP: 36/42 MP: 4/4
   756 | D:4      | Found a staircase to the Ecumenical Temple.
   782 | Temple   | Entered the Ecumenical Temple
   842 | Temple   | Became a worshipper of Makhleb the Destroyer
   878 | D:4      | Reached XP level 5. HP: 46/50 MP: 5/5
  1061 | D:4      | Reached skill level 4 in Axes
  1061 | D:4      | Reached skill level 1 in Invocations
  1227 | D:5      | Entered Level 5 of the Dungeon
  1240 | D:5      | Got a scorched diamond amulet
  1246 | D:5      | Identified the amulet of the Coward {+Fly Regen+ Int+3}
                  | (You found it on level 5 of the Dungeon)
  1297 | D:5      | Noticed a centaur
  1314 | D:5      | Killed a centaur
  1314 | D:5      | Reached XP level 6. HP: 28/57 MP: 4/6
  1351 | D:5      | Found a sacrificial altar of Ru.
  1435 | D:5      | Noticed Pikel
  1436 | D:5      | Noticed Eustachio
  1445 | D:5      | Noticed a sky beast
  1459 | D:5      | Gained mutation: You are frail. (-10% HP) [potion of
                  | mutation]
  1459 | D:5      | Gained mutation: Scrolls take you a little longer to read.
                  | [potion of mutation]
  1459 | D:5      | Gained mutation: You tend to lose your temper in combat.
                  | [potion of mutation]
  1459 | D:5      | Gained mutation: Your skin changes colour to match your
                  | surroundings (Stealth+). [potion of mutation]
  1469 | D:5      | Killed a sky beast
  1469 | D:5      | Reached XP level 7. HP: 46/59 MP: 3/3
  1472 | D:5      | Killed Pikel
  1472 | D:5      | Reached skill level 5 in Fighting
  1472 | D:5      | Reached skill level 5 in Axes
  1472 | D:5      | Reached skill level 5 in Armour
  1472 | D:5      | Reached skill level 5 in Shields
  1473 | D:5      | Killed Eustachio
  1473 | D:5      | Reached skill level 6 in Axes
  1473 | D:5      | Reached XP level 8. HP: 37/67 MP: 3/5
  1599 | D:5      | Noticed Sigmund
  1633 | D:5      | Killed Sigmund
  1633 | D:5      | Reached * piety under Makhleb
  1700 | D:5      | Noticed Edmund
  1720 | D:5      | Killed Edmund
  2217 | D:6      | Found a broken altar of Ashenzari.
  2232 | D:6      | Reached skill level 7 in Axes
  2485 | D:6      | Noticed Menkaure
  2499 | D:6      | Killed Menkaure
  2499 | D:6      | Reached skill level 5 in Invocations
  2499 | D:6      | Gained mutation: You passively map the area around you.
                  | [Deep Dwarf growth]
  2499 | D:6      | Reached XP level 9. HP: 18/76 MP: 1/1
  2506 | D:6      | Reached ** piety under Makhleb
  2911 | D:6      | Lost mutation: You tend to lose your temper in combat.
                  | [potion of mutation]
  2911 | D:6      | Lost mutation: Scrolls take you a little longer to read.
                  | [potion of mutation]
  2911 | D:6      | Lost mutation: You are frail. (-10% HP) [potion of
                  | mutation]
  2911 | D:6      | Gained mutation: You are partially covered in large bone
                  | plates. (SH +4) [potion of mutation]
  2911 | D:6      | Gained mutation: You have sharp toenails. [potion of
                  | mutation]
  2974 | D:7      | Noticed Maggie
  2994 | D:7      | Killed Maggie
  2994 | D:7      | Reached skill level 8 in Axes
  3007 | D:7      | Found a sparkling altar of Nemelex Xobeh.
  3009 | D:7      | Got a jewelled hand axe
  3010 | D:7      | Identified the +5 hand axe "Undertaker" {drain, rC+ rN+
                  | Str+6 Stlth+} (You found it on level 7 of the Dungeon)
  3113 | D:7      | Found Ikoygh's Weapon Shoppe.
  3163 | D:7      | Found a shimmering altar of Xom.
  3268 | D:8      | Noticed a two-headed ogre
  3275 | D:8      | Killed a two-headed ogre
  3307 | D:8      | Reached *** piety under Makhleb
  3590 | D:8      | Reached XP level 10. HP: 82/96 MP: 3/3
  3648 | D:8      | Found a shadowy altar of Dithmenos.
  3979 | D:9      | Reached skill level 9 in Axes
  4109 | D:9      | Found a staircase to the Lair.
  4306 | D:9      | Found a hide-covered altar of Uskayaw.
  4333 | D:9      | Noticed a two-headed ogre
  4345 | D:9      | Killed a two-headed ogre
  4494 | D:9      | Noticed a cyclops
  4505 | D:9      | Killed a cyclops
  4505 | D:9      | Reached skill level 10 in Axes
  4544 | D:9      | Found Jasaseut's General Store.
  4598 | D:9      | Reached **** piety under Makhleb
  4715 | D:9      | Found an ancient bone altar of Kikubaaqudgha.
  4715 | D:9      | Found an iron altar of Okawaru.
  4791 | D:10     | Entered Level 10 of the Dungeon
  4795 | D:10     | Found a staircase to the Orcish Mines.
  4807 | D:10     | Reached XP level 11. HP: 104/104 MP: 5/5
  5095 | D:10     | Noticed a centaur warrior
  5102 | D:10     | Reached ***** piety under Makhleb
  5114 | D:10     | Killed a centaur warrior
  5114 | D:10     | Reached skill level 11 in Axes
  5242 | D:10     | Found Cotzekk's Antique Armour Shoppe.
  5498 | D:11     | Found a transporter.
  5498 | D:11     | Noticed an orc high priest
  5500 | D:11     | Noticed a fire crab
  5891 | D:11     | Found a transporter.
  5892 | D:11     | Found the +8 storm bow {elec, penet}
  6183 | D:11     | Found a large runed translucent door.
  6183 | D:11     | Found a large runed translucent door.
  6185 | D:11     | Noticed Flugslaktarn's ghost (journeyman DDFi)
  6449 | D:12     | Noticed a two-headed ogre
  6450 | D:12     | Noticed Urug
  6452 | D:12     | Reached skill level 10 in Fighting
  6460 | D:12     | Killed a two-headed ogre
  6467 | D:12     | Killed Urug
  6467 | D:12     | Reached XP level 12. HP: 99/116 MP: 6/8
  6590 | D:12     | Noticed a two-headed ogre
  6601 | D:12     | Killed a two-headed ogre
  6643 | D:12     | Identified the +6 spear of Bithulen {speed, +Rage Str+2}
  6681 | D:12     | Reached skill level 12 in Axes
  6758 | D:12     | Reached skill level 10 in Invocations
  7226 | D:13     | Noticed a centaur warrior
  7243 | D:13     | Killed a centaur warrior
  7434 | D:13     | Reached skill level 10 in Shields
  7434 | D:13     | Reached XP level 13. HP: 91/127 MP: 7/9
  7459 | D:13     | Found a portal to a secret trove of treasure.
  7477 | D:13     | Found a gate to the Vaults.
  7507 | D:13     | Reached skill level 10 in Armour
  7522 | D:13     | Reached skill level 13 in Axes
  7534 | D:13     | Reached ****** piety under Makhleb
  7688 | D:13     | Found Cinoloz's Pet Rocks.
  8025 | D:14     | Reached skill level 1 in Evocations
  8116 | D:14     | Noticed Josephine
  8123 | D:14     | Killed Josephine
  8723 | D:14     | Reached skill level 14 in Axes
  8770 | D:14     | Gained mutation: You resist negative energy. (rN+) [Deep
                  | Dwarf growth]
  8770 | D:14     | Reached XP level 14. HP: 138/138 MP: 10/10
  9164 | D:15     | Entered Level 15 of the Dungeon
  9212 | D:15     | Found a staircase to the Depths.
  9348 | D:15     | Found an opulent altar of Gozag.
  9350 | D:15     | Found Gozag's Platinum Reserve.
  9607 | D:15     | Found a runed translucent gate.
  9607 | D:15     | Found a runed translucent gate.
  9607 | D:15     | Found a runed translucent gate.
  9607 | D:15     | Noticed Ygis Bepp's ghost (journeyman GnFi)
 10013 | Orc:1    | Entered Level 1 of the Orcish Mines
 10225 | Orc:2    | Entered Level 2 of the Orcish Mines
 10317 | Orc:2    | Found a runed translucent gate.
 10317 | Orc:2    | Found a runed translucent gate.
 10318 | Orc:2    | Found a runed translucent gate.
 10330 | Orc:2    | Noticed p0werm0de's ghost (journeyman DDFi)
 10330 | Orc:2    | Noticed qborf's ghost (journeyman DDNe)
 10331 | Orc:2    | Noticed p0werm0de's ghost (journeyman MiFi)
 10331 | Orc:2    | Noticed imnewhereh's ghost (journeyman FoFi)
 10332 | Orc:2    | Noticed LostGamesStreakFreak's ghost (journeyman GrFi)
 10370 | Orc:2    | Found a staircase to the Elven Halls.
 10400 | Orc:2    | Found a roughly hewn altar of Beogh.
 10577 | Orc:2    | Reached skill level 5 in Evocations
 10582 | Orc:2    | Found a roughly hewn altar of Beogh.
 10586 | Orc:2    | Found Parilogu's Antique Armour Boutique.
 10641 | Orc:2    | Noticed Jorgrun
 10656 | Orc:2    | Killed Jorgrun
 10689 | Orc:2    | Found a roughly hewn altar of Beogh.
 10830 | Orc:2    | Found a roughly hewn altar of Beogh.
 10843 | Orc:2    | Found Zidgh's Magic Scroll Shoppe.
 11027 | Orc:2    | Noticed Saint Roka
 11148 | Orc:2    | Killed Saint Roka
 11177 | Orc:2    | Found Zerch's Antique Armour Shop.
 11178 | Orc:2    | Found a roughly hewn altar of Beogh.
 11189 | Orc:2    | Found Amag's Antique Weapon Boutique.
 11210 | Orc:2    | Bought a runed kite shield for 247 gold pieces
 11431 | Lair:1   | Entered Level 1 of the Lair of Beasts
 11495 | Lair:1   | Found a gate leading to a gauntlet.
 11541 | Gauntlet | Entered a Gauntlet
 11541 | Gauntlet | Found a transporter.
 11541 | Gauntlet | Found a transporter.
 11541 | Gauntlet | Found a transporter.
 11545 | Gauntlet | Found a transporter.
 11547 | Gauntlet | Found a large runed translucent door.
 11548 | Gauntlet | Found a large runed translucent door.
 11549 | Gauntlet | Found a large runed translucent door.
 11549 | Gauntlet | Found a large runed translucent door.
 11549 | Gauntlet | Found a runed translucent door.
 11550 | Gauntlet | Found a large runed translucent door.
 11556 | Gauntlet | Found a transporter.
 11562 | Gauntlet | Found a transporter.
 11564 | Gauntlet | Found a transporter.
 11572 | Gauntlet | Found a large runed translucent door.
 11573 | Gauntlet | Found a large runed translucent door.
 11574 | Gauntlet | Found a large runed translucent door.
 11575 | Gauntlet | Found a runed translucent gate.
 11581 | Gauntlet | Found a transporter.
 11583 | Gauntlet | Noticed a cacodemon
 11598 | Gauntlet | Found a transporter.
 11624 | Gauntlet | Found a transporter.
 11686 | Gauntlet | Found a large runed translucent door.
 11686 | Gauntlet | Found a transporter.
 11687 | Gauntlet | Found a large runed translucent door.
 11688 | Gauntlet | Found a large runed translucent door.
 11688 | Gauntlet | Found a large runed translucent door.
 11688 | Gauntlet | Found a runed translucent door.
 11689 | Gauntlet | Found a large runed translucent door.
 11690 | Gauntlet | Found a large runed translucent door.
 11691 | Gauntlet | Found a large runed translucent door.
 11691 | Gauntlet | Found a large runed translucent door.
 11692 | Gauntlet | Found a runed translucent gate.
 11692 | Gauntlet | Found a runed translucent gate.
 11694 | Gauntlet | Found a transporter.
 11795 | Gauntlet | Reached skill level 15 in Axes
 11846 | Gauntlet | Got a pair of jewelled boots
 11852 | Gauntlet | Identified the +1 pair of boots of Inviolability {rC+} (You
                  | found it in a Gauntlet)
 11917 | Gauntlet | Got a serpentine ivory ring
 11920 | Lair:1   | Identified the ring "Reerad" {MR+ Stlth+} (You found it in
                  | a Gauntlet)
 12074 | Lair:2   | Found a hole to the Spider Nest.
 12232 | Lair:2   | Reached XP level 15. HP: 147/147 MP: 8/8
 13061 | Lair:3   | Noticed Nergalle
 13070 | Lair:3   | Killed Nergalle
 13757 | Lair:4   | Found a staircase to the Shoals.
 14194 | Spider:1 | Entered Level 1 of the Spider Nest
 14260 | Spider:1 | Noticed Asterion
 14276 | Spider:1 | Killed Asterion
 14365 | Spider:2 | Noticed Aizul
 14393 | Spider:2 | Killed from afar by Aizul

Illustrated notes

Levels and vault maps discovered:
D:1:      scummos_arrival_star, layout_basic
D:2:      layout_basic, kennysheep_slug_shrine
D:3:      layout_basic, overflow_temple_1_default, gup_sewer_entry_glass
D:4:      layout_gridville, lemuel_round_altar, minmay_temple_entry_junction_2
D:5:      layout_basic, serial_corexii_hall, corexii_hall_statues_x,
          corexii_hall_statues_x, corexii_hall_statues_x,
          corexii_hall_statues_l, corexii_hall_statues_s,
          corexii_hall_statues_i, basic_altar, minmay_misc_feat_diagonals,
          sigmund_army, uniq_pikel, uniq_eustachio, uniq_sigmund, uniq_edmund
D:6:      layout_gridville, ashenzari_altar_1, uniq_menkaure
D:7:      layout_rooms, nemelex_xobeh_ov_fountains_minmay, kennysheep_mini_moat,
          serial_shops, nicolae_shop_statue_plus, uniq_maggie
D:8:      layout_loops_ring, grunt_dithmenos_smoke, serial_bayou_lake_a
D:9:      layout_irregular_city, eat_drink_and_be_merry_uskayaw,
          gammafunk_temple_overflow_elements, erik_lair_dragon, serial_shops,
          shop_coins
D:10:     wad_lake_hut, layout_basic, minmay_orc_entry_guard_dogs, serial_shops,
          nicolae_shop_statue_plus, minmay_beelzebubs_servants
D:11:     gammafunk_wand_slinger, layout_loops_ring, ebering_ghost_disaster_area
D:12:     hangedman_arrow_trap, layout_cave_pools, uniq_urug
D:13:     cheibrodos_lost_city_excavation, layout_basic,
          lightli_vaults_fourway_checkpoint, nicolae_trove_entry_crossroad,
          guppyfry_shop_earth
D:14:     minmay_tri_stars, layout_basic, minivault_11, uniq_josephine
D:15:     gammafunk_enter_depths_forms, layout_loops_ring,
          gammafunk_ghost_hydra_chop, nicolae_gozag_zags_fifth_avenue
Temple:   nicolae_temple_x_marks_the_god
Lair:1:   layout_loops_ring, gammafunk_ghost_ooze, gauntlet_entry_generic,
          beast_lair_carwin_1
Lair:2:   layout_layer_cave, dummy_spider_entry, st_stairs_7
Lair:3:   layout_hall_layers, grunt_megastairs_4, uniq_nergalle
Lair:4:   layout_regular_city, minmay_shoals_entry_centaurs, st_stairs_10,
          serial_bayou_ford_a, beast_lair_carwin_3, serial_bayou_shore_b,
          grunt_megastairs_2
Spider:1: layout_spider_delve, uniq_louise, uniq_asterion
Spider:2: layout_spider_delve, guppyfry_spider_mini_1, uniq_aizul
Orc:1:    layout_caves, mines_bat_river
Orc:2:    grunt_orc_community_town_hall, layout_diamond_mine,
          grunt_orc_community_big_house_2, grunt_orc_community_big_house_1,
          grunt_orc_community_house_2, grunt_orc_community_house_1,
          grunt_orc_community_house_1, grunt_orc_community_house_1,
          grunt_orc_community_house_3, gammafunk_ghost_cemetery, uniq_jorgrun

Skill      XL: |  1  2  3  4  5  6  7  8  9 10 11 12 13 14 15 |
---------------+----------------------------------------------+-----
Fighting       | 3 4 5 6 7 8 10 11 12 13 | 13.6
Axes           | 3 4 6 7 8 10 11 12 14 15 | 15.7
Shields        | 4 5 6 7 9 10 11 12 | 12.0
Armour         | 4 5 6 7 9 10 11 12 | 12.0
Invocations    | 1 2 3 5 6 7 9 10 11 12 13 | 13.3
Evocations     | 3 6 |  6.0

Action                   |  1- 3 |  4- 6 |  7- 9 | 10-12 | 13-15 || total
-------------------------+-------+-------+-------+-------+-------++-------
Melee: War axe           |    76 |   165 |   241 |       |       ||   482
       Hand axe          |       |       |    56 |   279 |       ||   335
       Kick              |       |       |    34 |   228 |   239 ||   501
       Broad axe         |       |       |       |   299 |   973 ||  1272
Invok: Lesser Servant of |       |       |       |       |     4 ||     4
 Abil: Heal Wounds       |     1 |    12 |    15 |     5 |    30 ||    63
Evoke: Wand              |       |       |       |       |     8 ||     8
  Use: Potion            |       |     2 |     1 |       |     2 ||     5
       Scroll            |       |       |     9 |    16 |    18 ||    43
 Stab: Sleeping          |       |       |     1 |       |       ||     1
       Distracted        |       |       |       |       |     1 ||     1
Armor: Scale mail        |    41 |   133 |   124 |    10 |       ||   308
       Plate armour      |       |       |       |   179 |   400 ||   579
Dodge: Dodged            |    27 |    99 |    93 |   114 |   130 ||   463
Block: Kite shield       |    48 |   127 |   215 |   485 |   318 ||  1193
       Tower shield      |       |       |       |       |   595 ||   595

Table legend: (Time is in decaauts)
 A = Elapsed time spent in this place.
 B = Non-inter-level travel time spent in this place.
 C = Inter-level travel time spent in this place.
 D = Time resting spent in this place.
 E = Time spent auto-exploring this place.
 F = Levels seen in this place.
 G = Mean time per level.
                   A        B        C        D        E       F      G
               +--------+--------+--------+--------+--------+-----+--------+
         Total |  14536 |  13539 |    997 |     11 |   9499 |  25 |  581.4 |
       Dungeon |  10239 |   9481 |    758 |     11 |   6576 |  15 |  682.6 |
        Temple |     67 |     54 |     13 |      0 |     50 |   1 |   67.0 |
          Lair |   2375 |   2261 |    114 |      0 |   1904 |   4 |  593.8 |
   Spider Nest |    193 |    187 |      6 |      0 |     60 |   2 |   96.5 |
  Orcish Mines |   1288 |   1183 |    105 |      0 |    719 |   2 |  644.0 |
      Gauntlet |    372 |    372 |      0 |      0 |    189 |   1 |  372.0 |
               +--------+--------+--------+--------+--------+-----+--------+

Top non-repeatable levels by time:
    D:14: 1336 daAuts
     D:9: 1240 daAuts
   Orc:2: 1059 daAuts
  Lair:2: 984 daAuts
     D:5: 918 daAuts
     D:6: 844 daAuts
    D:13: 793 daAuts
    D:10: 792 daAuts
  Lair:4: 766 daAuts
     D:8: 744 daAuts
     D:4: 714 daAuts
    D:11: 691 daAuts
    D:15: 667 daAuts
    D:12: 637 daAuts
  Lair:3: 472 daAuts
